[ AOE2 MATCH · #506366678 ]
UnrankedByzantines vs Hindustanis
Player's team · LOSS
[ REPLAY ANALYSIS · EXTRACTED FROM THE RECORDED GAME ]
Feudal
9:02
Castle
23:40
Imperial
37:43
| APM avg | 53.7 |
| APM peak | 87 |
| eAPM avg | 29.5 |
| Villagers / military | 152 / 129 |
Focus
⚔️ 31.2% · 🌾 68.8%
Skirmisher ×100 · Cataphract ×13 · Archer ×7 · Trebuchet (Packed) ×4 · Monk ×3 · Spearman ×2
Feudal
12:11
Castle
21:15
Imperial
34:44
| APM avg | 55.3 |
| APM peak | 93 |
| eAPM avg | 28.4 |
| Villagers / military | 160 / 117 |
Focus
⚔️ 34.6% · 🌾 65.4%
Cavalry Archer ×38 · Ghulam ×25 · Skirmisher ×24 · Monk ×10 · Militia ×9 · Trebuchet (Packed) ×6
Match map
Initial resources + every placement click. Lines = walls · curves = elevation contours. ◆ gold · ⬟ stone · ● berries · ✦ relic · ◌ wall gap
Your base· Open — 4t gap
flightlessbird's base· Open — unwalled flank
Smoothed initial terrain · ◌ = detected wall gap · hover for details
Inputs per minute
— boanaan - - flightlessbird
Build order — boanaan
First 150 of 417 actions detected
| 0:00 | Create | Villager (Male) |
| 0:01 | Build | House |
| 0:02 | Build | House |
| 0:10 | Create | Villager (Male) |
| 0:10 | Create | Villager (Male) |
| 0:12 | Create | Villager (Male) |
| 0:13 | Create | Villager (Male) |
| 1:25 | Create | Villager (Male) |
| 1:47 | Build | Lumber Camp |
| 2:08 | Create | Villager (Male) |
| 2:12 | Create | Villager (Male) |
| 2:50 | Create | Villager (Male) |
| 3:18 | Create | Villager (Male) |
| 3:38 | Create | Villager (Male) |
| 3:54 | Build | House |
| 4:05 | Build | Mill |
| 4:13 | Create | Villager (Male) |
| 4:13 | Create | Villager (Male) |
| 4:13 | Create | Villager (Male) |
| 5:01 | Create | Villager (Male) |
| 5:30 | Create | Villager (Male) |
| 5:47 | Create | Villager (Male) |
| 5:52 | Research | Loom |
| 6:44 | Build | Palisade Wall |
| 6:46 | Build | Palisade Wall |
| 6:52 | Research | Feudal Age |
| 7:39 | Build | Barracks |
| 7:52 | Build | Palisade Wall |
| 7:53 | Build | Palisade Wall |
| 8:00 | Build | Palisade Wall |
| 8:01 | Build | Palisade Wall |
| 8:05 | Build | Mill |
| 8:20 | Build | Palisade Wall |
| 8:21 | Build | Palisade Wall |
| 8:25 | Build | House |
| 8:33 | Create | Villager (Male) |
| 8:46 | Build | Palisade Wall |
| 8:50 | Build | Palisade Wall |
| 8:51 | Build | Palisade Wall |
| 8:51 | Build | Palisade Wall |
| 8:52 | Build | Palisade Wall |
| 8:56 | Build | Palisade Wall |
| 9:02 | Age | Feudal Age |
| 9:11 | Research | Double-Bit Axe |
| 9:27 | Create | Villager (Male) |
| 9:28 | Create | Villager (Male) |
| 9:35 | Build | House |
| 9:59 | Build | Archery Range |
| 10:05 | Create | Spearman |
| 10:13 | Create | Villager (Male) |
| 10:23 | Build | Farm |
| 10:29 | Build | House |
| 10:36 | Create | Villager (Male) |
| 10:38 | Create | Spearman |
| 10:56 | Create | Skirmisher |
| 10:59 | Build | Farm |
| 11:04 | Create | Villager (Male) |
| 11:04 | Create | Villager (Male) |
| 11:08 | Build | Farm |
| 11:19 | Create | Skirmisher |
| 11:23 | Build | Farm |
| 11:31 | Create | Villager (Male) |
| 11:31 | Create | Villager (Male) |
| 12:03 | Create | Villager (Male) |
| 12:11 | Build | Farm |
| 12:20 | Research | Horse Collar |
| 12:25 | Build | Farm |
| 12:31 | Create | Villager (Male) |
| 12:31 | Create | Villager (Male) |
| 12:44 | Build | Blacksmith |
| 12:49 | Build | House |
| 12:55 | Build | House |
| 12:56 | Build | Palisade Wall |
| 12:57 | Build | Palisade Wall |
| 12:58 | Create | Villager (Male) |
| 13:04 | Build | Palisade Wall |
| 13:14 | Build | Farm |
| 13:16 | Create | Villager (Male) |
| 13:18 | Create | Skirmisher |
| 13:42 | Create | Villager (Male) |
| 13:44 | Build | Farm |
| 13:49 | Create | Skirmisher |
| 14:13 | Build | Farm |
| 14:13 | Create | Skirmisher |
| 14:15 | Create | Villager (Male) |
| 14:31 | Create | Skirmisher |
| 14:32 | Research | Fletching |
| 14:48 | Create | Skirmisher |
| 14:52 | Create | Villager (Male) |
| 14:55 | Build | Mining Camp |
| 15:02 | Build | Farm |
| 15:06 | Create | Skirmisher |
| 15:19 | Create | Villager (Male) |
| 15:33 | Create | Skirmisher |
| 15:45 | Create | Villager (Male) |
| 15:57 | Build | Archery Range |
| 16:03 | Create | Villager (Male) |
| 16:05 | Build | Palisade Wall |
| 16:11 | Create | Villager (Male) |
| 16:21 | Build | House |
| 16:25 | Research | Wheelbarrow |
| 16:34 | Create | Villager (Male) |
| 16:46 | Create | Villager (Male) |
| 16:57 | Build | House |
| 17:00 | Build | House |
| 17:01 | Build | House |
| 17:05 | Create | Villager (Male) |
| 17:10 | Build | Palisade Wall |
| 17:12 | Build | Palisade Wall |
| 17:17 | Build | Palisade Wall |
| 17:18 | Build | Palisade Wall |
| 17:18 | Build | Palisade Wall |
| 17:21 | Create | Archer |
| 17:30 | Build | Archery Range |
| 17:33 | Build | Palisade Wall |
| 17:44 | Create | Archer |
| 17:47 | Create | Villager (Male) |
| 17:59 | Create | Villager (Male) |
| 18:07 | Build | Lumber Camp |
| 18:10 | Build | Farm |
| 18:11 | Create | Archer |
| 18:17 | Create | Villager (Male) |
| 18:58 | Build | Palisade Wall |
| 19:05 | Create | Archer |
| 19:08 | Build | House |
| 19:10 | Build | Palisade Wall |
| 19:14 | Build | House |
| 19:24 | Build | Palisade Wall |
| 19:25 | Build | Palisade Wall |
| 19:32 | Build | Palisade Wall |
| 19:34 | Build | Palisade Wall |
| 19:40 | Create | Villager (Male) |
| 19:44 | Build | Farm |
| 19:46 | Build | Farm |
| 19:53 | Build | Farm |
| 20:03 | Create | Archer |
| 20:03 | Create | Archer |
| 20:31 | Build | Farm |
| 20:35 | Create | Villager (Male) |
| 20:46 | Build | Farm |
| 20:58 | Research | Castle Age |
| 20:58 | Research | Castle Age |
| 21:01 | Build | House |
| 21:04 | Build | Palisade Wall |
| 21:08 | Build | Palisade Wall |
| 21:15 | Create | Skirmisher |
| 21:16 | Create | Skirmisher |
| 21:34 | Build | Mining Camp |
| 21:38 | Create | Villager (Male) |
| 22:19 | Research | Stone Mining |
Build order — flightlessbird
First 150 of 474 actions detected
| 0:00 | Create | Villager (Male) |
| 0:01 | Create | Villager (Male) |
| 0:02 | Build | House |
| 0:04 | Build | House |
| 0:04 | Create | Villager (Male) |
| 0:04 | Create | Villager (Male) |
| 1:00 | Create | Villager (Male) |
| 1:00 | Create | Villager (Male) |
| 1:27 | Create | Villager (Male) |
| 1:28 | Create | Villager (Male) |
| 1:28 | Create | Villager (Male) |
| 1:57 | Create | Villager (Male) |
| 2:31 | Create | Villager (Male) |
| 2:31 | Create | Villager (Male) |
| 2:31 | Create | Villager (Male) |
| 2:48 | Build | Barracks |
| 3:15 | Create | Villager (Male) |
| 3:17 | Build | House |
| 3:22 | Create | Villager (Male) |
| 3:23 | Create | Villager (Male) |
| 3:43 | Create | Militia |
| 3:43 | Create | Militia |
| 4:05 | Create | Villager (Male) |
| 4:10 | Create | Militia |
| 4:27 | Create | Villager (Male) |
| 4:29 | Build | House |
| 4:52 | Create | Villager (Male) |
| 5:01 | Create | Militia |
| 5:24 | Create | Villager (Male) |
| 5:33 | Create | Militia |
| 5:36 | Build | House |
| 5:47 | Create | Villager (Male) |
| 5:51 | Build | Mill |
| 5:55 | Create | Militia |
| 6:01 | Create | Villager (Male) |
| 6:23 | Create | Villager (Male) |
| 6:42 | Create | Villager (Male) |
| 7:20 | Create | Villager (Male) |
| 7:35 | Build | Lumber Camp |
| 7:48 | Create | Villager (Male) |
| 7:51 | Build | House |
| 8:15 | Create | Villager (Male) |
| 8:40 | Create | Villager (Male) |
| 8:50 | Build | Farm |
| 9:08 | Create | Villager (Male) |
| 9:26 | Research | Loom |
| 9:47 | Build | Mining Camp |
| 9:52 | Build | Palisade Wall |
| 9:54 | Build | Palisade Wall |
| 9:56 | Research | Feudal Age |
| 10:12 | Build | Palisade Wall |
| 10:20 | Create | Militia |
| 10:24 | Build | Palisade Wall |
| 10:44 | Build | Palisade Wall |
| 10:49 | Build | Palisade Wall |
| 10:56 | Create | Militia |
| 11:14 | Build | House |
| 11:17 | Build | Palisade Wall |
| 11:23 | Build | Palisade Wall |
| 11:26 | Build | Palisade Wall |
| 11:30 | Create | Militia |
| 11:47 | Build | Farm |
| 12:11 | Age | Feudal Age |
| 12:13 | Create | Villager (Male) |
| 12:14 | Research | Man-at-Arms (upgrade) |
| 12:14 | Research | Man-at-Arms (upgrade) |
| 12:15 | Research | Double-Bit Axe |
| 12:15 | Research | Double-Bit Axe |
| 12:29 | Create | Villager (Male) |
| 12:32 | Build | Blacksmith |
| 12:46 | Build | Palisade Wall |
| 12:51 | Create | Villager (Male) |
| 12:53 | Research | Arson |
| 12:53 | Research | Arson |
| 13:16 | Create | Villager (Male) |
| 13:22 | Research | Scale Mail Armor |
| 13:22 | Research | Scale Mail Armor |
| 13:24 | Build | Farm |
| 13:26 | Build | Farm |
| 13:31 | Build | Farm |
| 13:37 | Build | Watch Tower |
| 13:45 | Create | Villager (Male) |
| 14:02 | Build | Farm |
| 14:07 | Build | Farm |
| 14:10 | Build | Farm |
| 14:11 | Create | Villager (Male) |
| 14:15 | Build | Farm |
| 14:26 | Build | Farm |
| 14:35 | Create | Villager (Male) |
| 14:53 | Create | Villager (Male) |
| 14:57 | Build | Farm |
| 15:01 | Build | Farm |
| 15:11 | Build | House |
| 15:14 | Research | Wheelbarrow |
| 15:52 | Build | Mining Camp |
| 15:55 | Build | Farm |
| 16:06 | Build | Farm |
| 16:18 | Build | Farm |
| 16:21 | Create | Villager (Male) |
| 16:53 | Create | Villager (Male) |
| 17:07 | Build | Market |
| 17:09 | Build | House |
| 17:10 | Build | House |
| 17:11 | Build | House |
| 17:20 | Create | Villager (Male) |
| 17:26 | Build | House |
| 17:28 | Build | House |
| 17:44 | Create | Villager (Male) |
| 17:45 | Build | Farm |
| 18:07 | Create | Villager (Male) |
| 18:26 | Research | Castle Age |
| 18:26 | Research | Castle Age |
| 18:26 | Research | Castle Age |
| 18:50 | Build | House |
| 18:55 | Build | House |
| 19:06 | Research | Horse Collar |
| 19:06 | Research | Horse Collar |
| 19:07 | Research | Gold Mining |
| 19:44 | Build | Lumber Camp |
| 19:47 | Create | Villager (Male) |
| 19:55 | Research | Forging |
| 19:55 | Research | Forging |
| 20:11 | Build | Palisade Wall |
| 20:12 | Build | Palisade Wall |
| 20:53 | Build | Palisade Wall |
| 21:15 | Age | Castle Age |
| 21:17 | Build | Castle |
| 21:35 | Build | Town Center |
| 21:36 | Create | Villager (Male) |
| 21:44 | Build | House |
| 21:53 | Create | Villager (Male) |
| 22:01 | Research | Heavy Plow |
| 22:01 | Research | Heavy Plow |
| 22:06 | Research | Bow Saw |
| 22:06 | Research | Bow Saw |
| 22:14 | Create | Villager (Male) |
| 22:23 | Build | Farm |
| 22:26 | Build | Farm |
| 22:27 | Build | Farm |
| 22:28 | Create | Ghulam |
| 22:28 | Create | Ghulam |
| 22:45 | Build | Farm |
| 22:45 | Create | Villager (Male) |
| 22:46 | Create | Ghulam |
| 22:51 | Research | Squires |
| 22:51 | Research | Squires |
| 22:59 | Create | Villager (Male) |
| 22:59 | Create | Villager (Male) |
| 22:59 | Create | Villager (Male) |
| 23:01 | Build | Farm |
Match timeline
| 2:48 | flightlessbird · first_building Barracks |
| 6:44 | boanaan · wall_segment Palisade Wall x1 |
| 6:46 | boanaan · wall_segment Palisade Wall x1 |
| 7:39 | boanaan · first_building Barracks |
| 7:52 | boanaan · wall_segment Palisade Wall x1 |
| 7:53 | boanaan · wall_segment Palisade Wall x1 |
| 8:00 | boanaan · wall_segment Palisade Wall x1 |
| 8:01 | boanaan · wall_segment Palisade Wall x5 |
| 8:20 | boanaan · wall_segment Palisade Wall x1 |
| 8:21 | boanaan · wall_segment Palisade Wall x1 |
| 8:46 | boanaan · wall_segment Palisade Wall x1 |
| 8:50 | boanaan · wall_segment Palisade Wall x1 |
| 8:51 | boanaan · wall_segment Palisade Wall x1 |
| 8:51 | boanaan · wall_segment Palisade Wall x1 |
| 8:52 | boanaan · wall_segment Palisade Wall x1 |
| 8:56 | boanaan · wall_segment Palisade Wall x1 |
| 9:02 | boanaan · age_up feudal |
| 9:52 | flightlessbird · wall_segment Palisade Wall x1 |
| 9:54 | flightlessbird · wall_segment Palisade Wall x6 |
| 9:59 | boanaan · first_building Archery Range |
| 10:12 | flightlessbird · wall_segment Palisade Wall x12 |
| 10:24 | flightlessbird · wall_segment Palisade Wall x2 |
| 10:44 | flightlessbird · wall_segment Palisade Wall x7 |
| 10:49 | flightlessbird · wall_segment Palisade Wall x1 |
| 11:17 | flightlessbird · wall_segment Palisade Wall x4 |
| 11:23 | flightlessbird · wall_segment Palisade Wall x3 |
| 11:26 | flightlessbird · wall_segment Palisade Wall x1 |
| 12:11 | flightlessbird · age_up feudal |
| 12:46 | flightlessbird · wall_segment Palisade Wall x1 |
| 12:56 | boanaan · wall_segment Palisade Wall x1 |
| 12:57 | boanaan · wall_segment Palisade Wall x1 |
| 13:04 | boanaan · wall_segment Palisade Wall x1 |
| 16:05 | boanaan · wall_segment Palisade Wall x1 |
| 17:10 | boanaan · wall_segment Palisade Wall x1 |
| 17:12 | boanaan · wall_segment Palisade Wall x1 |
| 17:17 | boanaan · wall_segment Palisade Wall x1 |
| 17:18 | boanaan · wall_segment Palisade Wall x1 |
| 17:18 | boanaan · wall_segment Palisade Wall x1 |
| 17:33 | boanaan · wall_segment Palisade Wall x1 |
| 18:24 | flightlessbird · first_market_buy 100 food |
| 18:58 | boanaan · wall_segment Palisade Wall x1 |
| 19:10 | boanaan · wall_segment Palisade Wall x7 |
| 19:24 | boanaan · wall_segment Palisade Wall x1 |
| 19:25 | boanaan · wall_segment Palisade Wall x5 |
| 19:32 | boanaan · wall_segment Palisade Wall x1 |
| 19:34 | boanaan · wall_segment Palisade Wall x6 |
| 20:11 | flightlessbird · wall_segment Palisade Wall x3 |
| 20:12 | flightlessbird · wall_segment Palisade Wall x5 |
| 20:53 | flightlessbird · wall_segment Palisade Wall x4 |
| 21:04 | boanaan · wall_segment Palisade Wall x1 |
| 21:08 | boanaan · wall_segment Palisade Wall x1 |
| 21:15 | flightlessbird · age_up castle |
| 21:17 | flightlessbird · first_building Castle |
| 23:15 | boanaan · wall_segment Palisade Wall x1 |
| 23:40 | boanaan · age_up castle |
| 23:59 | boanaan · wall_segment Palisade Wall x1 |
| 24:24 | flightlessbird · first_building Siege Workshop |
| 24:28 | flightlessbird · first_building Monastery |
| 24:41 | boanaan · first_market_buy 100 stone |
| 24:47 | boanaan · first_building Castle |
| 25:29 | flightlessbird · first_market_sell 100 wood |
| 26:52 | boanaan · wall_segment Palisade Wall x1 |
| 28:23 | boanaan · first_building Monastery |
| 30:12 | boanaan · first_market_sell 100 wood |
| 31:19 | flightlessbird · first_building Archery Range |
| 31:59 | boanaan · first_building Stable |
| 33:17 | flightlessbird · first_building Stable |
| 34:44 | flightlessbird · age_up imperial |
| 37:43 | boanaan · age_up imperial |
| 42:12 | boanaan · resign |
[ AI ANALYSIS · 1 CREDIT ]
What really happened in this match?
Wolo.gg analyzes every decision: build order, eco, micro, common mistakes by bracket. Personalized analysis on WhatsApp or Discord in 30 seconds.
Civ guide
Byzantines
Perfil
Jugador #23000509